Map: Bridgehead LE (Void)

Players

Juice

  • Race: Zerg Zerg
  • League: Gold

CunningStunt - Winner!

  • Race: Protoss Protoss
  • League: Gold

VOD

Have the link to the VOD?

Description

Time

  • Played on: Sept. 8, 2015, 10:26 p.m.
  • Length: 12:21
Show
View Real Time Build Order
Export as new Build Order

Juice Zerg 

Build Orders: Pool First 

Get SALT Encoding   

  12  0:02  Drone  
  13  0:09  Drone  
  14  0:17  Overlord  
  14  0:26  Drone, Extractor  
  14  0:28  Extractor  
  13  0:29  Drone  
  13  0:35  Drone  
  17  0:45  Drone  
  18  0:55  Drone  
  19  1:01  Extractor  
  18  1:16  Spawning Pool  
  17  1:28  Hatchery  
  16  1:40  Drone  
  16  1:41  Drone x2  
  19  1:52  Drone  
  20  2:02  Overlord  
  20  2:04  Queen  
  22  2:15  Metabolic Boost  
  22  2:20  Zergling x2  
  23  2:39  Queen  
  23  2:43  Drone x3  
  28  2:50  Drone  
  29  2:54  Drone  
  29  2:57  Drone  
  31  3:17  Hatchery, Drone x2  
  31  3:18  Drone x4  
  36  3:21  Lair  
  36  3:24  Overlord  
  36  3:26  Extractor  
  35  3:28  Overlord  
  35  3:37  Drone  
  36  3:41  Queen  
  36  3:43  Drone x2  
  36  3:45  Drone  
  36  3:46  Drone  
  42  3:56  Drone x4  
  42  3:57  Drone  
  42  4:00  Drone  
  48  4:17  Drone x4  
  49  4:18  Overlord x3  
  49  4:20  Extractor  
  49  4:22  Extractor  
  50  4:24  Evolution Chamber  
  50  4:27  Evolution Chamber  
  50  4:30  Drone  
  49  4:32  Drone, Roach Warren  
  49  4:33  Drone  
  49  4:35  Drone  
  49  4:37  Drone  
  51  4:58  Zergling x8  
  51  4:59  Zergling x12  
  61  5:01  Zerg Missile Weapons Level 1  
  61  5:05  Zerg Ground Armor Level 1  
  61  5:23  Roach x2  
  61  5:24  Roach x6  
  61  5:25  Roach  
  79  5:33  Drone  
  79  5:34  Drone x2  
  80  6:04  Drone x3  
  80  6:05  Overlord  
  80  6:06  Overlord x7  
  80  6:07  Overlord x2  
  82  6:11  Glial Reconstitution  
  82  6:31  Drone x2  
  82  6:32  Drone x7  
  91  6:38  Spine Crawler  
  91  6:39  Spine Crawler, Extractor  
  88  6:40  Drone x2  
  88  6:41  Drone, Extractor  
  88  6:42  Queen  
  92  6:49  Ravager x2  
  92  6:50  Ravager x4  
  92  6:51  Roach x3  
  92  6:52  Roach x2  
  107  7:07  Drone x4  
  107  7:08  Drone x2  
  113  7:09  Zerg Missile Weapons Level 2  
  113  7:25  Drone x2  
  113  7:26  Drone x4  
  113  7:27  Overlord x3  
  119  7:41  Infestation Pit  
  118  7:45  Zerg Ground Armor Level 2  
  118  8:06  Roach x4  
  118  8:07  Roach x7  
  118  8:08  Roach x2, Zergling x2  
  118  8:09  Zergling x4  
  146  8:39  Tunneling Claws  
  146  8:41  Burrow  
  146  8:42  Hatchery  
  146  8:44  Hive  
  145  8:51  Spire  
  144  8:55  Hatchery  
  143  9:06  Hatchery  
  142  9:18  Zergling x8  
  142  9:19  Zergling x22  
  142  9:20  Zergling x16  
  165  9:30  Overlord x5  
  165  9:53  Roach  
  165  9:54  Roach x8  
  165  9:57  Ravager x5  
  165  9:58  Ravager x4  
  192  10:16  Queen, Greater Spire  
  194  10:41  Drone x2  
  194  10:42  Drone x3  
  199  10:43  Drone  
  200  10:53  Extractor  
  200  10:54  Extractor  
  148  11:29  Roach x7  
  148  11:30  Roach x7  
  148  11:31  Roach x7  
  148  11:32  Roach x6  
  156  11:33  Roach x6  
  156  11:34  Roach x6  
  156  11:35  Roach x4  
  163  11:44  Queen  
Show
View Real Time Build Order
Export as new Build Order

CunningStunt Protoss - Winner!

Build Orders: 1 Gate Expand 

Get SALT Encoding   

  12  0:00  Probe (Chrono Boost)  
  13  0:10  Probe (Chrono Boost)  
  14  0:19  Pylon  
  14  0:21  Probe (Chrono Boost)  
  15  0:37  Probe (Chrono Boost)  
  16  0:45  Gateway  
  16  0:47  Probe (Chrono Boost)  
  17  0:57  Probe (Chrono Boost)  
  18  1:07  Probe (Chrono Boost)  
  19  1:14  Pylon  
  19  1:18  Probe (Chrono Boost)  
  20  1:27  Nexus  
  20  1:36  Probe (Chrono Boost)  
  21  1:44  Cybernetics Core  
  21  1:48  Probe (Chrono Boost)  
  21  1:49  Assimilator  
  21  1:52  Assimilator  
  22  1:59  Probe (Chrono Boost)  
  23  2:07  Pylon  
  23  2:08  Zealot  
  23  2:12  Probe (Chrono Boost)  
  26  2:22  Probe (Chrono Boost)  
  26  2:25  Warp Gate  
  27  2:32  Probe (Chrono Boost)  
  28  2:43  Probe x2 (Chrono Boost)  
  30  2:54  Probe x2 (Chrono Boost)  
  30  2:55  Pylon  
  32  3:04  Probe (Chrono Boost), Robotics Facility  
  33  3:07  Probe (Chrono Boost), Gateway  
  34  3:14  Probe (Chrono Boost)  
  34  3:17  Probe (Chrono Boost)  
  36  3:24  Probe (Chrono Boost)  
  37  3:27  Probe (Chrono Boost)  
  37  3:30  Stalker  
  40  3:34  Probe (Chrono Boost)  
  40  3:37  Mothership Core (Chrono Boost)  
  43  3:43  Gateway  
  43  3:45  Gateway  
  43  3:47  Probe (Chrono Boost), Pylon  
  44  3:51  Observer  
  44  3:55  Probe (Chrono Boost)  
  46  4:03  Probe (Chrono Boost)  
  46  4:08  Probe (Chrono Boost)  
  48  4:12  Assimilator  
  48  4:13  Probe (Chrono Boost), Assimilator  
  48  4:14  Warp Prism  
  51  4:19  Probe (Chrono Boost)  
  51  4:23  Probe (Chrono Boost)  
  53  4:29  Probe (Chrono Boost)  
  54  4:42  Probe (Chrono Boost)  
  54  4:43  Probe (Chrono Boost)  
  56  4:53  Probe x2 (Chrono Boost)  
  56  4:54  Immortal  
  56  4:59  Twilight Council  
  62  5:03  Pylon  
  62  5:06  Pylon  
  62  5:21  Pylon  
  62  5:31  Nexus  
  62  5:34  Pylon  
  62  5:36  Pylon  
  62  5:39  Adept x2  
  62  5:40  Adept x2  
  74  6:04  Immortal  
  74  6:05  Stalker x2  
  74  6:06  Stalker x2, Blink (Chrono Boost)  
  82  6:18  Gateway  
  82  6:20  Gateway  
  82  6:23  Probe (Chrono Boost), Forge x2  
  82  6:24  Probe (Chrono Boost)  
  84  6:28  Pylon  
  84  6:32  Probe  
  84  6:35  Probe  
  84  6:36  Pylon  
  84  6:39  Pylon  
  86  6:43  Gateway  
  86  6:45  Gateway  
  86  6:46  Immortal  
  90  6:47  Gateway  
  90  6:50  Nexus  
  90  6:52  Pylon  
  90  6:55  Pylon  
  90  6:57  Probe  
  90  6:58  Protoss Ground Weapons Level 1, Protoss Ground Armor Level 1  
  90  6:59  Probe  
  92  7:11  Probe  
  92  7:15  Assimilator  
  93  7:18  Assimilator  
  93  7:19  Probe  
  93  7:22  Pylon  
  94  7:23  Probe  
  95  7:32  Gateway  
  95  7:35  Gateway, Probe  
  95  7:37  Templar Archives, Probe  
  95  7:39  Pylon  
  97  7:45  Probe  
  97  7:49  Probe  
  99  7:53  Charge (Chrono Boost)  
  99  7:55  Probe  
  100  7:59  Pylon  
  100  8:01  Probe  
  100  8:02  Pylon  
  101  8:05  Probe  
  101  8:07  Immortal  
  101  8:09  Pylon  
  106  8:19  Adept x4  
  114  8:21  Adept  
  116  8:27  Psionic Storm  
  116  8:39  High Templar x2  
  116  8:40  High Templar x6  
  132  8:43  Archon x3  
  132  8:44  Archon  
  132  8:50  Immortal  
  132  8:54  Protoss Ground Armor Level 2 (Chrono Boost)  
  136  9:11  Nexus, Protoss Ground Weapons Level 2 (Chrono Boost)  
  136  9:15  Pylon  
  136  9:18  Pylon  
  136  9:29  Observer  
  137  9:38  Assimilator  
  137  9:41  Assimilator  
  137  9:46  Gateway  
  137  9:47  Gateway  
  137  9:50  Probe, Gateway  
  137  9:51  Gateway  
  137  9:52  Probe x2  
  140  9:55  Photon Cannon, High Templar x3  
  140  9:58  Photon Cannon  
  146  10:00  Photon Cannon  
  146  10:04  Photon Cannon  
  146  10:06  Pylon  
  146  10:16  Immortal  
  146  10:18  High Templar x3  
  156  10:23  Probe  
  156  10:25  Probe x2  
  159  10:41  Shield Upgrade  
  159  10:44  Zealot  
  159  10:45  Zealot x6  
  159  10:46  Zealot  
  175  10:56  Immortal  
  131  11:36  High Templar x3  
  131  11:37  High Templar x4  
  131  11:38  Zealot x5  
  131  11:39  Zealot x2  
  157  11:40  Archon x3  
  139  12:17  High Templar x4  
  139  12:18  Zealot x3  
  139  12:19  Zealot  
Tags
 
Add a new tag
Caveats
  • Supply blocks, unpowered buildings, or Contaminate may cause inaccurate times.
  • Supply counts are checked every 10 seconds.